 Dungeon Crawl Stone Soup version 0.30.1-9-gdf580d7c3d (webtiles) character file.

Game seed: 12393129947209996920

384 Erymatos the Chopper (level 6, -3/84 HPs)
             Began as a Minotaur Berserker on Oct 19, 2023.
             Was a Priest of Trog.
             Slain by an orc
             ... wielding a +2 falchion of electrocution
              (16 damage)
             ... on level 4 of the Dungeon.
             The game lasted 00:03:50 (3027 turns).

Erymatos the Chopper (Minotaur Berserker)           Turns: 3027, Time: 00:03:51

Health: -3/84      AC:  9    Str: 24    XL:     6   Next: 47%
Magic:  5/5        EV: 16    Int:  4    God:    Trog [***...]
Gold:   192        SH:  0    Dex:  9    Spells: 5/5 levels left

rFire   . . .        a - +0 hand axe
rCold   . . .        (no shield)
rNeg    . . .        g - +0 ring mail
rPois   .            (helmet restricted)
rElec   .            n - +0 cloak
rCorr   .            b - +1 pair of gloves
SInv    .            (no boots)
Will    .....        (no amulet) Stlth
                     c - +5 ring of evasion
HPRegen 0.34/turn    (no ring)
MPRegen 0.09/turn

%: no passive effects
@: berserking, very quick
A: horns 2, retaliatory headbutt
a: Renounce Religion, Berserk, Trog's Hand


You were on level 4 of the Dungeon.
You worshipped Trog.
Trog was most pleased with you.
You visited 1 branch of the dungeon, and saw 4 of its levels.

You collected 192 gold pieces.

Inventory:

Hand Weapons
 a - a +0 hand axe (weapon)
Armour
 b - a +1 pair of gloves (worn)
 g - a +0 ring mail (worn)
 n - a +0 cloak (worn)
Jewellery
 c - a +5 ring of evasion (left hand)
 r - an amulet of faith
Scrolls
 d - a scroll of brand weapon {unknown}
 f - 2 scrolls of magic mapping {unknown}
 h - 2 scrolls of teleportation {unknown}
 j - 4 scrolls of identify {unknown}
 k - a scroll of enchant weapon {unknown}
 l - a scroll of poison {unknown}
 m - 2 scrolls of enchant armour {unknown}
 o - a scroll of torment {unknown}
Potions
 e - 2 potions of brilliance {unknown}
 i - 2 potions of heal wounds
 p - a potion of flight {unknown}
 q - a potion of cancellation {unknown}


   Skills:
 + Level 5.0 Fighting
 + Level 6.4 Axes
 + Level 4.6 Armour
 + Level 3.1 Dodging
 + Level 0.6 Stealth


You had 5 spell levels left.
You didn't know any spells.
Your spell library was empty.

Dungeon Overview and Level Annotations

Branches:
Dungeon (4/15)
 Temple: D:4-7

Altars:
Hepliaklqana
Yredelemnul

Shops:
D:1 *   D:3 :


Innate Abilities, Weirdness & Mutations

You have a pair of horns on your head.
You reflexively headbutt those who attack you in melee.


Message History

The hound closely misses you. You furiously retaliate!
You headbutt the hound.
You kill the hound!
Trog accepts your kill.
Your Fighting skill increases to level 5!
Found 2 scrolls labelled UGGAUXKOGA.
The orc misses you.
The orc hits you with a +2 falchion of electrocution.
Things that are here:
13 gold pieces; a hound corpse Unknown command.
You barely miss the orc. You hit the goblin but do no damage.
You hit something. You barely miss the orc. The orc hits you with a +0 trident.
The orc misses you. Something hits you. The goblin hits you with a +0 club.
You hit the orc but do no damage. You headbutt the orc!
You kill the orc!
Trog accepts your kill.
You hit something but do no damage. You closely miss the orc.
You closely miss the goblin. The goblin completely misses you.
The orc hits you with a +2 falchion of electrocution.
Something closely misses you.
You closely miss the orc. Your headbutt misses the orc. You hit the goblin.
You kill the goblin!
Trog accepts your kill.
You closely miss something. The orc misses you.
Something hits you but does no damage.
Unknown command.
You hit the orc but do no damage. You miss something.
The orc hits you with a +2 falchion of electrocution.
You are electrocuted!
* * * LOW HITPOINT WARNING * * *
Something hits you.
* * * LOW HITPOINT WARNING * * *
Unknown command.
You are too injured to fight recklessly!
A red film seems to cover your vision as you go berserk!
You feel yourself moving faster!
You feel mighty! The orc misses you. Something hits you but does no damage.
You barely miss something. Your headbutt misses something.
You closely miss the orc. The orc hits you but does no damage.
You are electrocuted!
You die...

#.....?...#
#.........#
#.........#
#.........#
#.........#
#.........#
#.....){o.#
#......@).#
#.........#####
#######.......#
#.......#
#.......# ..
##.......####...
###.....).........
..................
........###......


You could see an orc.

Vanquished Creatures
  A centaur (D:3)
  A jelly (D:3)
  Crazy Yiuf (D:2)
  2 orc priests (D:4)
  A hound (D:4)
  2 orc wizards
  3 adders
  A dart slug (D:2)
  6 orcs
  7 ball pythons
  4 bats
  6 endoplasms
  3 giant cockroaches
  6 goblins
  4 hobgoblins
  3 jackals (D:2)
  10 kobolds
  4 quokkas
  6 frilled lizards
  6 rats
77 creatures vanquished.

Notes
Turn   | Place    | Note
-------+----------+-------------------------------------------
     0 | D:1      | Erymatos the Minotaur Berserker began the quest for the
                  | Orb.
     0 | D:1      | Reached XP level 1. HP: 19/19 MP: 0/0
   322 | D:1      | Reached XP level 2. HP: 26/27 MP: 1/1
   324 | D:1      | Reached skill level 4 in Axes
   405 | D:1      | Found Finuv's General Store.
   808 | D:2      | Found a faded altar of an unknown god.
   937 | D:2      | Reached XP level 3. HP: 17/33 MP: 2/2
   937 | D:2      | Reached ** piety under Trog
  1252 | D:2      | Reached XP level 4. HP: 41/41 MP: 3/3
  1494 | D:2      | Found a runed translucent door.
  1495 | D:2      | Noticed Crazy Yiuf
  1559 | D:2      | Killed Crazy Yiuf
  1560 | D:2      | Reached skill level 5 in Axes
  1977 | D:3      | Found Idich's Book Shoppe.
  1982 | D:3      | Found a hazy altar of Hepliaklqana.
  2056 | D:3      | Reached XP level 5. HP: 21/47 MP: 4/4
  2168 | D:3      | Noticed a centaur
  2174 | D:3      | Killed a centaur
  2234 | D:3      | Found a basalt altar of Yredelemnul.
  2426 | D:3      | Reached *** piety under Trog
  2955 | D:4      | Reached skill level 6 in Axes
  2955 | D:4      | Reached XP level 6. HP: 42/55 MP: 5/5
  3021 | D:4      | Reached skill level 5 in Fighting
  3027 | D:4      | Slain by an orc

Illustrated notes

Levels and vault maps discovered:
D:1:      minmay_arrival_stair_chambers, layout_loops_ring, serial_shops,
          nicolae_shop_tiny_glass, chequers_serial_rivers_small_a
D:2:      layout_basic, nicolae_ecumenical_oubliette, bh_walls_and_bars,
          uniq_crazy_yiuf_cottage
D:3:      layout_basic, mainiacjoe_overflow_catwalk,
          nicolae_hepliaklqana_hazy_memory, serial_shops, nicolae_shop_peninsula
D:4:      layout_basic, nicolae_overflow_hidden_temple,
          ebering_ghost_disaster_area, nicolae_underground_beach

Skill      XL: |  1  2  3  4  5  6 |
---------------+-------------------+-----
Axes           | 4 5 6 |  6.4
Fighting       | 4 5 |  5.0
Armour         | 3 4 |  4.6
Dodging        | 3 |  3.1
Stealth        | |  0.6

Action                     |  1- 3 |  4- 6 || total
---------------------------+-------+-------++-------
  Melee: Hand axe          |    67 |    89 ||   156
         Headbutt          |    12 |    16 ||    28
         Punch             |       |     1 ||     1
 Invoke: Berserk           |       |     3 ||     3
 Armour: Ring mail         |    20 |    28 ||    48
         Animal skin       |     2 |       ||     2
  Dodge: Dodged            |    50 |    73 ||   123
